ORI
COASTAL CAROLINA UNIVERSITY CHANTICLEERS @ UNIVERSITY OF MINNESOTA GOLDEN GOPHERS
11/23/2048
 
TOP OF THE 1ST
Mississippi State University Bulldogs batting - Pitching for University of Conneticut Huskies : RHP Jordan Watkins
Pitching: RHP Jordan Watkins
Batting: RHB Alvin Abarca 0-0: SINGLE (Groundball, 34D, EV 102.5 MPH)
Batting: RHB Josh Stene 0-0: Ball
1-0: Ball
2-0: Foul Ball, location: 2F
2-1: SINGLE (Groundball, 4D, EV 109.4 MPH)
Alvin Abarca to second
Runner from 2nd tries for 3rd, OUT! 8-5
Batting: LHB Danny Shanahan 0-0: Called Strike
0-1: Called Strike
0-2: Ball
1-2: Ball
2-2: Foul Ball, location: 2F
2-2: Strikes out swinging
Batting: LHB Vinnie Kalman 0-0: Ball
1-0: Swinging Strike
1-1: Ball
2-1: Called Strike
2-2: Strikes out swinging
Top of the 1st over - 0 runs, 2 hits, 0 errors, 1 left on base; Mississippi State University 0 - University of Conneticut 0
BOTTOM OF THE 1ST
University of Conneticut Huskies batting - Pitching for Mississippi State University Bulldogs : RHP Tony Renteria
Pitching: RHP Tony Renteria
Batting: RHB Kyle Finney 0-0: Ball
1-0: Ball
2-0: Called Strike
2-1: Ball
3-1: Ground out 5-3 (Groundball, 5, EV 103.8 MPH)
Batting: LHB Greg James 0-0: Ball
1-0: SOLO HOME RUN (Flyball, 7LD, EV 93.1 MPH), Distance : 354 ft
Batting: RHB Roku Kawano 0-0: Ball
1-0: Called Strike
1-1: Swinging Strike
1-2: SOLO HOME RUN (Flyball, 78XD, EV 108.8 MPH), Distance : 424 ft
Batting: LHB Andrew Barzee 0-0: Called Strike
0-1: Ground out 4-3 (Groundball, 4, EV 102.5 MPH)
Batting: LHB Hector Acosta 0-0: Ball
1-0: Called Strike
1-1: Swinging Strike
1-2: Fly out, F8 (Flyball, 89D, EV 88.8 MPH)
Bottom of the 1st over - 2 runs, 2 hits, 0 errors, 0 left on base; Mississippi State University 0 - University of Conneticut 2
TOP OF THE 2ND
Mississippi State University Bulldogs batting - Pitching for University of Conneticut Huskies : RHP Jordan Watkins
Batting: LHB Ricardo Ramos 0-0: Ground out U3 (Groundball, 34S, EV 78.1 MPH)
Batting: RHB Oscar Vargas 0-0: Ball
1-0: Swinging Strike
1-1: Swinging Strike
1-2: Strikes out swinging
Batting: RHB Chris Everett 0-0: Called Strike
0-1: Swinging Strike
0-2: Strikes out swinging
Top of the 2nd over - 0 runs, 0 hits, 0 errors, 0 left on base; Mississippi State University 0 - University of Conneticut 2
BOTTOM OF THE 2ND
University of Conneticut Huskies batting - Pitching for Mississippi State University Bulldogs : RHP Tony Renteria
Batting: RHB Jordan Nicholas 0-0: Called Strike
0-1: Foul Ball, location: 2F
0-2: Ball
1-2: Ball
2-2: Strikes out looking
Batting: LHB Omar Alba 0-0: Ball
1-0: Foul Ball, location: 2F
1-1: Called Strike
1-2: Foul Ball, location: 2F
1-2: Ball
2-2: Ball
3-2: Foul Ball, location: 2F
3-2: Strikes out swinging
Batting: RHB Jack Vokey 0-0: Ground out 1-3 (Groundball, 34S, EV 69.4 MPH)
Bottom of the 2nd over - 0 runs, 0 hits, 0 errors, 0 left on base; Mississippi State University 0 - University of Conneticut 2
TOP OF THE 3RD
Mississippi State University Bulldogs batting - Pitching for University of Conneticut Huskies : RHP Jordan Watkins
Batting: RHB Bill Petipas 0-0: Swinging Strike
0-1: Ground out 6-3 (Groundball, 6M, EV 84.4 MPH)
Batting: RHB Josh Simmons 0-0: Ball
1-0: Called Strike
1-1: Foul Ball, location: 2F
1-2: Strikes out swinging
Batting: RHB Alvin Abarca 0-0: Ball
1-0: Called Strike
1-1: Ball
2-1: Ground out 5-3 (Groundball, 5L, EV 101.2 MPH)
Top of the 3rd over - 0 runs, 0 hits, 0 errors, 0 left on base; Mississippi State University 0 - University of Conneticut 2
BOTTOM OF THE 3RD
University of Conneticut Huskies batting - Pitching for Mississippi State University Bulldogs : RHP Tony Renteria
Batting: RHB Victor Nava 0-0: Foul Ball, location: 2F
0-1: Swinging Strike
0-2: Ball
1-2: Strikes out swinging
Batting: RHB Kyle Finney 0-0: Hit by Pitch
Batting: LHB Greg James 0-0: Swinging Strike
0-1: Called Strike
0-2: Ball
1-2: Ball
2-2: Strikes out swinging
Batting: RHB Roku Kawano 0-0: Ball
Kyle Finney steals 2nd base
1-0: SINGLE (Line Drive, 6D, EV 95.6 MPH)
Kyle Finney to third
Batting: LHB Andrew Barzee 0-0: Called Strike
0-1: Ball
1-1: SINGLE (Groundball, 34D, EV 106.2 MPH)
Kyle Finney scores
Roku Kawano to second
Runner from 2nd tries for 3rd, SAFE, throw by RF made to third
Batting: LHB Hector Acosta 0-0: Ground out 4-3 (Groundball, 34S, EV 88.1 MPH)
Bottom of the 3rd over - 1 run, 2 hits, 0 errors, 2 left on base; Mississippi State University 0 - University of Conneticut 3
TOP OF THE 4TH
Mississippi State University Bulldogs batting - Pitching for University of Conneticut Huskies : RHP Jordan Watkins
Batting: RHB Josh Stene 0-0: Ball
1-0: Foul Ball, location: 2F
1-1: Called Strike
1-2: Ball
2-2: Strikes out swinging
Batting: LHB Danny Shanahan 0-0: Called Strike
0-1: Foul Ball, location: 2F
0-2: Strikes out swinging
Batting: LHB Vinnie Kalman 0-0: Called Strike
0-1: Ball
1-1: Ground out 4-3 (Groundball, 4S, EV 89.4 MPH)
Top of the 4th over - 0 runs, 0 hits, 0 errors, 0 left on base; Mississippi State University 0 - University of Conneticut 3
BOTTOM OF THE 4TH
University of Conneticut Huskies batting - Pitching for Mississippi State University Bulldogs : RHP Tony Renteria
Batting: RHB Jordan Nicholas 0-0: Called Strike
0-1: Fly out, F9 (Flyball, 9, EV 90.6 MPH)
Batting: LHB Omar Alba 0-0: Called Strike
0-1: Ball
1-1: Fly out, F7 (Flyball, 7D, EV 103.1 MPH)
Batting: RHB Jack Vokey 0-0: Ball
1-0: Called Strike
1-1: SINGLE (Groundball, 6D, EV 102.5 MPH)
Batting: RHB Victor Nava 0-0: Ball
1-0: Swinging Strike
1-1: Ball
2-1: Foul Ball, location: 2F
2-2: Strikes out looking
Bottom of the 4th over - 0 runs, 1 hit, 0 errors, 1 left on base; Mississippi State University 0 - University of Conneticut 3
TOP OF THE 5TH
Mississippi State University Bulldogs batting - Pitching for University of Conneticut Huskies : RHP Jordan Watkins
Batting: LHB Ricardo Ramos 0-0: Called Strike
0-1: Called Strike
0-2: Ball
1-2: Foul Ball, location: 2F
1-2: Ball
2-2: Ball
3-2: Strikes out swinging
Batting: RHB Oscar Vargas 0-0: Ground out 3-1 (Groundball, 34, EV 100.0 MPH)
Batting: RHB Chris Everett 0-0: Ball
1-0: Ball
2-0: Ground out 5-3 (Groundball, 56S, EV 88.1 MPH)
Top of the 5th over - 0 runs, 0 hits, 0 errors, 0 left on base; Mississippi State University 0 - University of Conneticut 3
BOTTOM OF THE 5TH
University of Conneticut Huskies batting - Pitching for Mississippi State University Bulldogs : RHP Tony Renteria
Batting: RHB Kyle Finney 0-0: DOUBLE (Line Drive, 5D, EV 96.9 MPH)
Batting: LHB Greg James 0-0: Called Strike
0-1: Ball
1-1: SINGLE (Line Drive, 7LM, EV 105.0 MPH)
Kyle Finney to third
Batting: RHB Roku Kawano 0-0: Ball
Passed Ball!
Kyle Finney scores
Greg James to second
1-0: Foul Ball, location: 2F
1-1: Ball
2-1: Ball
3-1: Called Strike
3-2: Foul Ball, location: 2F
3-2: Fly out, F9 (Line Drive, 9LM, EV 108.8 MPH)
Pitching: LHP Benjamin Alderdice
Batting: LHB Andrew Barzee 0-0: SINGLE (Line Drive, 8RS, EV 103.1 MPH)
Greg James to third
Batting: LHB Hector Acosta 0-0: Ball
Andrew Barzee steals 2nd base
1-0: SINGLE (Line Drive, 8RS, EV 95.0 MPH)
Greg James scores
Andrew Barzee to third
Runner from 3rd tries for Home, SAFE, throw by CF to home
Batting: RHB Jordan Nicholas 0-0: Ball
1-0: Fly out, F8 (Line Drive, 8LM, EV 94.4 MPH)
Batting: LHB Omar Alba 0-0: DOUBLE (Line Drive, 78D, EV 90.6 MPH)
Hector Acosta to third
Batting: RHB Jack Vokey Balk!
Hector Acosta scores
Omar Alba to third
0-0: Ball
1-0: Foul Ball, location: 2F
1-1: Fly out, F7 (Flyball, 7, EV 91.2 MPH)
Bottom of the 5th over - 4 runs, 5 hits, 0 errors, 1 left on base; Mississippi State University 0 - University of Conneticut 7
TOP OF THE 6TH
Mississippi State University Bulldogs batting - Pitching for University of Conneticut Huskies : RHP Jordan Watkins
Batting: RHB Bill Petipas 0-0: Called Strike
0-1: Called Strike
0-2: Ball
1-2: Foul Ball, location: 2F
1-2: Strikes out swinging
Batting: RHB Josh Simmons 0-0: Called Strike
0-1: Foul Ball, location: 2F
0-2: Foul Ball, location: 2F
0-2: Strikes out swinging
Batting: RHB Alvin Abarca 0-0: Ball
1-0: DOUBLE (Groundball, 3L, EV 103.8 MPH)
Batting: RHB Josh Stene 0-0: Ball
1-0: Called Strike
1-1: Swinging Strike
1-2: Foul Ball, location: 2F
1-2: Strikes out swinging
Top of the 6th over - 0 runs, 1 hit, 0 errors, 1 left on base; Mississippi State University 0 - University of Conneticut 7
BOTTOM OF THE 6TH
University of Conneticut Huskies batting - Pitching for Mississippi State University Bulldogs : LHP Benjamin Alderdice
Batting: RHB Victor Nava 0-0: Foul Ball, location: 2F
0-1: Ball
1-1: Swinging Strike
1-2: Foul Ball, location: 2F
1-2: Reached on error, E4 (Groundball, 4, EV 103.8 MPH)
Batting: RHB Kyle Finney 0-0: Called Strike
0-1: Ball
1-1: DOUBLE (Line Drive, 7LM, EV 98.1 MPH)
Victor Nava to third
Runner from 3rd tries for Home, SAFE, throw by LF to trailing runner, SAFE at third!
Batting: LHB Greg James 0-0: Ball
1-0: Ball
2-0: Ball
3-0: Called Strike
3-1: Base on Balls
Batting: RHB Roku Kawano 0-0: Ball
1-0: Ball
2-0: Ball
3-0: Base on Balls
Greg James to second
Batting: LHB Andrew Barzee 0-0: Fly out, F9 (Line Drive, 9, EV 93.1 MPH)
Runner from 3rd tags up, SCORES, throw by RF
Batting: LHB Hector Acosta 0-0: Ball
1-0: SINGLE (Groundball, P, EV 81.2 MPH) (infield hit)
Greg James to third
Roku Kawano to second
Batting: RHB Jordan Nicholas 0-0: Ball
1-0: Ball
2-0: Ball
3-0: Called Strike
3-1: Base on Balls
Greg James scores
Roku Kawano to third
Hector Acosta to second
Pitching: RHP Alexis Gallegos
Batting: LHB Omar Alba 0-0: Called Strike
0-1: Ball
1-1: Ball
2-1: DOUBLE (Flyball, 8LXD, EV 100.0 MPH)
Roku Kawano scores
Hector Acosta scores
Jordan Nicholas to third
Batting: RHB Jack Vokey 0-0: Ground out 6-3 (Groundball, 6S, EV 86.2 MPH)
Jordan Nicholas scores
Batting: RHB Victor Nava 0-0: Swinging Strike
0-1: Swinging Strike
0-2: SINGLE (Line Drive, 7S, EV 92.5 MPH)
Omar Alba to third
Runner from 3rd tries for Home, SAFE, throw by LF to home
Batting: RHB Kyle Finney 0-0: Hit by Pitch
Victor Nava to second
Batting: LHB Greg James 0-0: Ball
Wild Pitch!
Victor Nava to third
Kyle Finney to second
1-0: Ball
2-0: Ball
3-0: Base on Balls
Batting: RHB Roku Kawano 0-0: Ball
1-0: Ball
2-0: Fly out, F9 (Line Drive, 9, EV 93.1 MPH)
Bottom of the 6th over - 7 runs, 4 hits, 1 error, 3 left on base; Mississippi State University 0 - University of Conneticut 14
TOP OF THE 7TH
Mississippi State University Bulldogs batting - Pitching for University of Conneticut Huskies : RHP Jordan Watkins
Batting: LHB Danny Shanahan 0-0: Ball
1-0: Called Strike
1-1: Called Strike
1-2: Foul Ball, location: 2F
1-2: Strikes out swinging
Pitching: LHP William Garcia
Batting: LHB Vinnie Kalman 0-0: Ball
1-0: Foul Ball, location: 2F
1-1: Foul Ball, location: 2F
1-2: Strikes out swinging
Batting: LHB Ricardo Ramos 0-0: Ball
1-0: Called Strike
1-1: Foul Ball, location: 2F
1-2: Ball
2-2: Foul Ball, location: 2F
2-2: Strikes out swinging
Top of the 7th over - 0 runs, 0 hits, 0 errors, 0 left on base; Mississippi State University 0 - University of Conneticut 14
BOTTOM OF THE 7TH
University of Conneticut Huskies batting - Pitching for Mississippi State University Bulldogs : RHP Alexis Gallegos
Batting: LHB Andrew Barzee 0-0: Ball
1-0: DOUBLE (Line Drive, 3D, EV 103.8 MPH)
Pitching: RHP Sa'ng Dai
Batting: LHB Hector Acosta 0-0: Ball
1-0: SINGLE (Groundball, 56, EV 104.4 MPH)
Andrew Barzee to third
Batting: RHB Jordan Nicholas 0-0: Fly out, F7 (Line Drive, 7S, EV 96.2 MPH)
Batting: LHB Omar Alba 0-0: Ball
1-0: SINGLE (Groundball, 4M, EV 111.9 MPH)
Andrew Barzee scores
Hector Acosta to second
Runner from 2nd tries for 3rd, OUT! 8-5
Pinch Hitting: RHB Cullen Elliott 0-0: Fly out, F6 (Popup, 6MS, EV 83.1 MPH)
Bottom of the 7th over - 1 run, 3 hits, 0 errors, 1 left on base; Mississippi State University 0 - University of Conneticut 15
TOP OF THE 8TH
Mississippi State University Bulldogs batting - Pitching for University of Conneticut Huskies : LHP William Garcia
Now at SS: Cullen Elliott
Batting: RHB Oscar Vargas 0-0: Ball
1-0: Called Strike
1-1: Ball
2-1: Foul Ball, location: 2F
2-2: Strikes out looking
Batting: RHB Chris Everett 0-0: Foul Ball, location: 2F
0-1: Swinging Strike
0-2: Strikes out swinging
Batting: RHB Bill Petipas 0-0: Called Strike
0-1: Ball
1-1: Foul Ball, location: 2F
1-2: Ball
2-2: Foul Ball, location: 2F
2-2: Ball
3-2: Foul Ball, location: 2F
3-2: Strikes out looking
Top of the 8th over - 0 runs, 0 hits, 0 errors, 0 left on base; Mississippi State University 0 - University of Conneticut 15
BOTTOM OF THE 8TH
University of Conneticut Huskies batting - Pitching for Mississippi State University Bulldogs : RHP Sa'ng Dai
Batting: RHB Victor Nava 0-0: Called Strike
0-1: Called Strike
0-2: Ball
1-2: Ground out 4-3 (Groundball, 4D, EV 106.9 MPH)
Batting: RHB Kyle Finney 0-0: Ground out 5-3 (Groundball, 56, EV 86.2 MPH)
Batting: LHB Greg James 0-0: Ball
1-0: Called Strike
1-1: Foul Ball, location: 2F
1-2: Strikes out swinging
Bottom of the 8th over - 0 runs, 0 hits, 0 errors, 0 left on base; Mississippi State University 0 - University of Conneticut 15
TOP OF THE 9TH
Mississippi State University Bulldogs batting - Pitching for University of Conneticut Huskies : LHP William Garcia
Batting: RHB Josh Simmons 0-0: Foul Ball, location: 2F
0-1: Called Strike
0-2: Foul Ball, location: 2F
0-2: Ball
1-2: Foul Ball, location: 2F
1-2: Ball
2-2: Strikes out looking
Batting: RHB Alvin Abarca 0-0: Called Strike
0-1: Ball
1-1: Foul Ball, location: 2F
1-2: Strikes out swinging
Batting: RHB Josh Stene 0-0: Ball
1-0: Foul Ball, location: 2F
1-1: Ball
2-1: Ground out 1-3 (Groundball, 34S, EV 69.4 MPH)
Top of the 9th over - 0 runs, 0 hits, 0 errors, 0 left on base; Mississippi State University 0 - University of Conneticut 15
Tuesday, March 28th , 2023 - OOTP Baseball 23.10 Build 110